 Dungeon Crawl Stone Soup version 0.26.1-11-gd32895ea62 (webtiles) character file.

Game seed: 13733522891258293199

553 Zeld the Cruncher (level 7, -6/45 HPs)
             Began as an Octopode Gladiator on May 22, 2021.
             Shot with an arrow by a centaur (13 damage)
             ... on level 4 of the Dungeon.
             The game lasted 00:03:39 (4882 turns).

Zeld the Cruncher (Octopode Gladiator)              Turns: 4882, Time: 00:03:40

Health: -6/45      AC:  2    Str: 15    XL:     7   Next: 29%
Magic:  7/7        EV: 14    Int: 10    God:
Gold:   250        SH:  0    Dex: 14    Spells: 6/6 levels left

rFire    . . .     SeeInvis .   a - +0 quarterstaff
rCold    . . .     Faith    .   (shield currently unavailable)
rNeg     . . .     Spirit   .   o - +1 hat
rPois    .         Reflect  .   (no amulet)
rElec    .         Harm     .   (no ring)
rCorr    .         Rampage  .   (no ring)
Will     .....                  (no ring)
Stlth    ++........             (no ring)
HPRegen  0.15/turn              (no ring)
MPRegen  0.10/turn              (no ring)
                                (no ring)
                                (no ring)

@: no status effects
A: almost no armour, stealthy swim, amphibious, 8 rings, constrict 8, camouflage
1, gelatinous body 1
a: no special abilities


You were on level 4 of the Dungeon.
You visited 1 branch of the dungeon, and saw 4 of its levels.

You collected 250 gold pieces.

Inventory:

Hand Weapons
 a - a +0 quarterstaff (weapon)
Missiles
 b - 19 poisoned darts (quivered)
 c - 3 throwing nets
 e - 8 boomerangs
 m - 5 datura-tipped darts
 y - 8 javelins
Armour
 o - a +1 hat (worn)
Jewellery
 f - a +6 ring of intelligence {unknown}
 p - an uncursed ring of wizardry {unknown}
 w - an uncursed amulet of reflection {unknown}
 z - a +6 ring of dexterity {unknown}
Wands
 q - a wand of iceblast (10)
Scrolls
 g - 3 scrolls of blinking {unknown}
 j - 2 scrolls of fog {unknown}
 k - 2 scrolls of enchant weapon {unknown}
 l - 5 scrolls of teleportation {unknown}
 n - a scroll of amnesia {unknown}
 r - 2 scrolls of enchant armour {unknown}
 t - 2 scrolls of immolation {unknown}
 u - a scroll of identify {unknown}
 v - 2 scrolls of remove curse {unknown}
Potions
 d - a potion of attraction {unknown}
 h - 2 potions of curing {unknown}
 i - a potion of lignification {unknown}
 s - 2 potions of might {unknown}
 x - a potion of brilliance {unknown}
 A - 2 potions of ambrosia {unknown}


   Skills:
 - Level 2.0 Fighting
 * Level 8.2 Staves
 - Level 2.0 Throwing
 - Level 3.0 Dodging


You had 6 spell levels left.
You didn't know any spells.
Your spell library was empty.

Dungeon Overview and Level Annotations

Branches:
Dungeon (4/15)
 Temple: D:4-7

Altars:
Ashenzari
Makhleb
Nemelex Xobeh
Sif Muna
Zin

Annotations:
D:4 3 runed translucent doors, ISoar's ghost, amateur GnTm; Sigmund


Innate Abilities, Weirdness & Mutations

You cannot wear most types of armour.
You are very stealthy in the water. (Stealth+)
You are amphibious.
You can wear up to eight rings at the same time.
You can use your tentacles to constrict eight enemies at once.
Your skin changes colour to match your surroundings (Stealth+).
Your rubbery body absorbs attacks. (AC +1, EV +1)


Message History

The centaur unwields a +0 shortbow.
The centaur barely misses you.
The orc shouts!
You hit the centaur but do no damage. Your squeeze misses the centaur.
The centaur misses you. The orc completely misses you. x2
The centaur hits you.
You hit the centaur.
The centaur is moderately wounded.
The orc hits you with a +0 dagger. The centaur hits you.
The orc hits you with a +0 war axe.
The centaur wields a +0 shortbow.
The centaur shoots an arrow.
The arrow hits you!
* * * LOW HITPOINT WARNING * * *
You see here 2 arrows.
You are too injured to fight recklessly!
You are too injured to fight recklessly!
You are too injured to fight recklessly!
You see here an arrow.
The centaur shoots an arrow.
The arrow misses you.
The centaur shoots an arrow.
The arrow hits you!
You die...

#....# .... #....#####...
#..........# #..o.......#
#######.(##c.....+
#.....#(..#..o...#
..........#......#
......#####...o..####
......#.........@#..# ###
#.....#..........#..#...+........
#######..........#..#...#........
#......(...#..##..#........
#..........#..##..#.....>..
#####......#'###..#........
#..†...#......#........
#......'......#........
#########......#####'##........


You could see a centaur and 3 orcs.

Vanquished Creatures
  The ghost of Zeld the Grasshopper, an amateur OpWr (D:3)
  2 bullfrog skeletons (D:3)
  A hound (D:2)
  2 orc priests
  3 orc wizards
  A worker ant (D:4)
  A howler monkey skeleton (D:4)
  8 adders
  6 gnolls
  2 worms
  A dart slug (D:1)
  5 leopard geckos
  12 orcs
  2 giant cockroaches
  4 goblins
  7 hobgoblins
  A quokka (D:3)
  A ball python (D:2)
  A bat (D:1)
  6 frilled lizards
  5 kobolds
  A quokka skeleton (D:3)
  9 rats
82 creatures vanquished.

Vanquished Creatures (others)
  3 plants (D:2)
3 creatures vanquished.

Grand Total: 85 creatures vanquished

Notes
Turn   | Place    | Note
-------+----------+-------------------------------------------
     0 | D:1      | Zeld the Octopode Gladiator began the quest for the Orb.
     0 | D:1      | Reached XP level 1. HP: 14/14 MP: 1/1
   450 | D:1      | Reached XP level 2. HP: 14/19 MP: 2/2
   820 | D:2      | Reached skill level 4 in Staves
   820 | D:2      | Reached XP level 3. HP: 20/24 MP: 3/3
  1074 | D:2      | Reached XP level 4. HP: 18/29 MP: 4/4
  1324 | D:2      | Reached skill level 5 in Staves
  1552 | D:2      | Found a burning altar of Makhleb.
  1552 | D:2      | Noticed a blizzard demon
  1559 | D:2      | Found a glowing silver altar of Zin.
  1559 | D:2      | Noticed an angel
  2227 | D:3      | Reached XP level 5. HP: 29/34 MP: 5/5
  2662 | D:3      | Reached skill level 6 in Staves
  2813 | D:3      | Found a sparkling altar of Nemelex Xobeh.
  2813 | D:3      | Found a broken altar of Ashenzari.
  2814 | D:3      | Found a shimmering blue altar of Sif Muna.
  2847 | D:3      | Found a runed translucent door.
  2850 | D:3      | Noticed Zeld's ghost (amateur OpWr)
  2870 | D:3      | Killed Zeld's ghost
  2871 | D:3      | Reached XP level 6. HP: 26/39 MP: 6/6
  3084 | D:3      | Reached skill level 7 in Staves
  4170 | D:4      | Reached XP level 7. HP: 40/45 MP: 7/7
  4353 | D:4      | Found a runed translucent gate.
  4353 | D:4      | Identified the +6 whip of Insufficient Pleasure {chaos,
                  | Fragile +Inv Dex+4}
  4354 | D:4      | Found a runed translucent gate.
  4357 | D:4      | Noticed ISoar's ghost (amateur GnTm)
  4358 | D:4      | Found a runed translucent gate.
  4489 | D:4      | Reached skill level 8 in Staves
  4541 | D:4      | Noticed Sigmund
  4882 | D:4      | Shot with an arrow by a centaur

Illustrated notes

Levels and vault maps discovered:
D:1:      minmay_arrival_cross, layout_basic
D:2:      kennysheep_big_flooded_room, layout_basic,
          grunt_temple_overflow_order_and_chaos_2, serial_forest,
          infiniplex_forest_lined_4_way, infiniplex_forest_clump_cross,
          infiniplex_forest_clump_small, infiniplex_forest_split,
          infiniplex_forest_straight_3
D:3:      layout_basic, gammafunk_temple_overflow_claw, ebering_ghost_sewer_d
D:4:      layout_gridville, gammafunk_ghost_nasty_kobolds, uniq_sigmund

Skill      XL: |  1  2  3  4  5  6  7 |
---------------+----------------------+-----
Staves         | 4 5 6 7 8 |  8.2
Fighting       | |  2.0
Throwing       | |  2.0
Dodging        | |  3.0

Action                   |  1- 3 |  4- 6 |  7- 9 || total
-------------------------+-------+-------+-------++-------
Melee: Quarterstaff      |    37 |   112 |    34 ||   183
       Constrict         |     7 |    30 |    10 ||    47
       Tentacles         |     5 |    29 |     9 ||    43
 Stab: Sleeping          |     5 |     5 |     3 ||    13
Armor: Skin              |     2 |     5 |     2 ||     9
Dodge: Dodged            |    17 |    52 |    22 ||    91
